 Dungeon Crawl Stone Soup version 0.30-a0-390-g80c34de65d (webtiles) character file.

Game seed: 15042817229452461469

88 bande the Trooper (level 4, -4/29 HPs)
             Began as a Gargoyle Fighter on Dec 5, 2022.
             Slain by Sigmund
             ... wielding a +0 scythe
              (7 damage)
             ... on level 3 of the Dungeon.
             The game lasted 00:02:06 (1864 turns).

bande the Trooper (Gargoyle Fighter)                Turns: 1864, Time: 00:02:07

Health: -4/29      AC: 10    Str: 20    XL:     4   Next: 53%
Magic:  4/4        EV:  9    Int:  8    God:
Gold:   123        SH:  4    Dex: 11    Spells: 3/3 levels left

rFire   . . .      SeeInvis .    a - +0 war axe
rCold   . . .      Faith    .    c - +0 buckler
rNeg    + . .      Spirit   .    b - +0 scale mail
rPois   ∞          Reflect  .    (no helmet)
rElec   +          Harm     .    (no cloak)
rCorr   .          Rampage  .    (no gloves)
Will    .....                    (no boots)
Stlth   ..........               (no amulet)
HPRegen 0.24/turn                (no ring)
MPRegen 0.09/turn                (no ring)

@: mighty
A: sickness immunity, AC +3, negative energy resistance 1, electricity
resistance, torment resistance 1, petrification resistance
a: no special abilities


You were on level 3 of the Dungeon.
You visited 1 branch of the dungeon, and saw 3 of its levels.

You collected 123 gold pieces.

Inventory:

Hand Weapons
 a - a +0 war axe (weapon)
Armour
 b - a +0 scale mail (worn)
 c - a +0 buckler (worn)
Scrolls
 f - 2 scrolls of fog {unknown}
 j - a scroll of magic mapping {unknown}
 m - 2 scrolls of identify {unknown}
 n - 3 scrolls of teleportation {unknown}
Potions
 e - 3 potions of curing {unknown}
 g - a potion of lignification {unknown}
 h - 2 potions of flight {unknown}
 i - a potion of resistance {unknown}
 k - a potion of haste {unknown}
 l - a potion of mutation {unknown}


   Skills:
 + Level 4.0 Fighting
 + Level 3.0 Axes
 + Level 3.9 Armour
 + Level 3.7 Shields


You had 3 spell levels left.
You didn't know any spells.
Your spell library contained the following spells:

 Spells                   Type           Power      Damage    Failure   Level
 Gell's Gravitas          Tloc           0%         N/A       99%         3
 Lesser Beckoning         Tloc           0%         N/A       99%         3
 Teleport Other           Tloc           0%         N/A       99%         3


Dungeon Overview and Level Annotations

Branches:
Dungeon (3/15)

Altars:
Uskayaw

Annotations:
D:3 Sigmund


Innate Abilities, Weirdness & Mutations

You are immune to sickness and miasma.
Your stone body is resilient. (AC +3)
You are immune to poison.
You resist negative energy. (rN+)
You are resistant to electric shocks. (rElec)
You are resistant to unholy torment.
You are immune to petrification.


Message History

There is a stone staircase leading up here.
You feel very mighty all of a sudden.
Sigmund casts a spell.
Sigmund flickers and vanishes!
Deactivating autopickup; reactivate with Ctrl-A.
A rat comes into view.
You hear some strange, mumbled words.
A puff of flame appears from out of thin air!
The puff of flame hits you!
You slash something! You block something's attack.
You closely miss something.
You hear some strange, mumbled words.
You are confused.
You bump into the rock wall.
Something hits you.
You miss something.
You hear some strange, mumbled words.
A puff of flame appears from out of thin air!
The puff of flame hits you!
* * * LOW HITPOINT WARNING * * *
Unknown command.
You bump into the rock wall.
Something hits you but does no damage.
Unknown command.
You bump into the rock wall.
The rat barely misses you. Something hits you.
* * * LOW HITPOINT WARNING * * *
Unknown command.
You barely miss something. You barely miss the rat.
You feel less confused. You block the rat's attack.
You hear some strange, mumbled words.
Something tries to affect you, but you resist.
The rat misses you.
You slash something! You slash the rat!
You kill the rat!
You hear some strange, mumbled words.
Something tries to affect you, but you resist.
Your Axes skill increases to level 3!
Unknown command.
You miss something. Something hits you but does no damage.
You miss something. Something hits you!
You die...

### ... #.#
..# # #
#.###.#
##.##.....#..
#...<@{......
#..###†.###.#
#. ..# # ..#
..# .## .# ..


There were no monsters in sight!

Vanquished Creatures
  4 adders (D:2)
  A worm (D:2)
  2 dart slugs (D:2)
  3 endoplasms
  A giant cockroach (D:1)
  3 goblins (D:1)
  2 hobgoblins (D:1)
  7 jackals (D:1)
  6 ball pythons
  2 bats
  2 frilled lizards (D:1)
  7 kobolds
  5 rats
45 creatures vanquished.

Notes
Turn   | Place    | Note
-------+----------+-------------------------------------------
     0 | D:1      | bande the Gargoyle Fighter began the quest for the Orb.
     0 | D:1      | Reached XP level 1. HP: 14/14 MP: 1/1
   132 | D:1      | Reached XP level 2. HP: 18/20 MP: 2/2
   261 | D:1      | Reached XP level 3. HP: 22/24 MP: 3/3
  1190 | D:2      | Found a hide-covered altar of Uskayaw.
  1268 | D:2      | Reached XP level 4. HP: 29/29 MP: 4/4
  1328 | D:2      | Reached skill level 4 in Fighting
  1725 | D:3      | Noticed Sigmund
  1860 | D:3      | HP: 1/29 [something (6)]
  1864 | D:3      | Slain by Sigmund

Illustrated notes

Levels and vault maps discovered:
D:1:      sevenhm_arrival_forest_fort_small_6, layout_loops_cross,
          wander_ebering_terrifying_dragon_lair
D:2:      layout_basic, basic_altar
D:3:      layout_loops_ring, mainiacjoe_overflow_alcove_4, uniq_sigmund

Skill      XL: |  1  2  3  4 |
---------------+-------------+-----
Axes           | 2 3 |  3.0
Fighting       | 4 |  4.0
Armour         | |  3.9
Shields        | |  3.7

Action                   |  1- 3 |  4- 6 || total
-------------------------+-------+-------++-------
Melee: War axe           |   103 |    36 ||   139
  Use: Potion            |       |     1 ||     1
Armor: Scale mail        |    58 |    21 ||    79
Dodge: Dodged            |    57 |    18 ||    75
Block: Buckler           |    25 |     6 ||    31

Table legend: (Time is in decaauts)
 A = Elapsed time spent in this place.
 B = Non-inter-level travel time spent in this place.
 C = Inter-level travel time spent in this place.
 D = Time resting spent in this place.
 E = Time spent auto-exploring this place.
 F = Levels seen in this place.
 G = Mean time per level.
                   A        B        C        D        E       F      G
               +--------+--------+--------+--------+--------+-----+--------+
         Total |   1923 |   1876 |     47 |    120 |   1337 |   3 |  641.0 |
       Dungeon |   1923 |   1876 |     47 |    120 |   1337 |   3 |  641.0 |
               +--------+--------+--------+--------+--------+-----+--------+

Top non-repeatable levels by time:
     D:2: 1173 daAuts
     D:1: 733 daAuts
     D:3: 16 daAuts
